 Dungeon Crawl Stone Soup version 0.30-a0-1043-g60ff8d5f49 (webtiles) character file.

Game seed: 15099339798398573629

235 LobsterGuardian the Magician (level 5, 0/33 (39) HPs)
             Began as a Draconian Hedge Wizard on Apr 11, 2023.
             Slain by a crimson imp
             ... wielding a +0 dagger of chaos
              (3 damage)
             ... on level 4 of the Dungeon.
             The game lasted 00:16:11 (4164 turns).

LobsterGuardian the Magician (DrHW)                 Turns: 4164, Time: 00:16:12

HP:   0/33 (39)     AC:  5    Str: 13    XL:     5   Next: 76%
MP:   10/12         EV: 12    Int: 16    God:
Gold: 163           SH:  0    Dex: 10    Spells: 4/14 levels left

rFire   . . .      SeeInvis .    g - +8 dagger "Giant's Foe" {heavy, rCorr}
rCold   . . .      Faith    .    (no shield)
rNeg    . . .      Spirit   .    (body armour unavailable)
rPois   .          Reflect  .    b - +0 hat
rElec   .          Rampage  .    (no cloak)
rCorr   +                        (no gloves)
Will    .....                    (no boots)
Stlth   ++                       (no amulet)
HPRegen 0.25/turn                (no ring)
MPRegen 0.13/turn                (no ring)

@: hasted, heavily drained, very quick
A: AC +5, unfitting armour, cold-blooded
a: no special abilities


You were on level 4 of the Dungeon.
You visited 1 branch of the dungeon, and saw 4 of its levels.

You collected 163 gold pieces.

Inventory:

Hand Weapons
 a - a +0 dagger
 g - the +8 dagger "Giant's Foe" (weapon) {heavy, rCorr}
   (You found it on level 2 of the Dungeon)

   rCorr:     It protects you from acid and corrosion.
Armour
 b - a +0 hat (worn)
Jewellery
 k - an amulet of magic regeneration
Wands
 m - a wand of flame (17)
Scrolls
 d - a scroll of identify
 h - a scroll of teleportation
 i - a scroll of enchant weapon
 j - a scroll of poison {unknown}
Potions
 c - a potion of magic
 e - a potion of lignification
 f - a potion of attraction


   Skills:
 + Level 0.4 Fighting
 * Level 1.8 Short Blades
 + Level 2.4 Dodging
 + Level 2.1 Stealth
 * Level 5.1 Spellcasting
 + Level 1.5 Conjurations
 + Level 1.1 Summonings
 + Level 1.0 Translocations


You had 4 spell levels left.
You knew the following spells:

 Your Spells              Type           Power      Damage    Failure   Level
a - Magic Dart            Conj           32%        1d4       9%          1
b - Blink                 Tloc           14%        N/A       16%         2
c - Call Imp              Summ           14%        N/A       14%         2
d - Cigotuvi's Dreadful   Necr/Pois/Air  8%         N/A       22%         2
e - Mephitic Cloud        Conj/Pois/Air  5%         N/A       36%         3

Your spell library contained the following spells:

 Spells                   Type           Power      Damage    Failure   Level
 Slow                     Hex            16%        N/A       16%         1


Dungeon Overview and Level Annotations

Branches:
Dungeon (4/15)
 Temple: D:4-7

Altars:
Makhleb
Nemelex Xobeh
Vehumet
Xom
Zin

Shops:
D:4 [

Annotations:
D:3 Sigmund


Innate Abilities, Weirdness & Mutations

Your plain brown scales are hard. (AC +5)
You cannot fit into any form of body armour.
You are cold-blooded and may be slowed by cold attacks.


Message History

Your cerulean imp barely misses the adder.
You closely miss the adder. Your punch misses the adder.
The adder is almost dead.
The adder bites you.
Your cerulean imp barely misses the adder.
The adder bites you but does no damage.
Your cerulean imp hits the adder from afar with a -4 spear.
The adder dies!
Your cerulean imp disappears in a puff of smoke!
You now have 144 gold pieces (gained 11).
You now have 163 gold pieces (gained 19).
You open the door.
A crimson imp comes into view. It is wielding a +0 dagger of chaos.
Found a shimmering altar of Xom and a burning altar of Makhleb.
A crimson imp is nearby!
There is an open door here.
The crimson imp shouts!
The crimson imp blinks!
The crimson imp hits you with a +0 dagger of chaos.
You feel drained.
There is an open door here.
You closely miss the crimson imp.
The crimson imp hits you with a +0 dagger of chaos.
The magic dart hits the crimson imp.
The crimson imp is lightly wounded.
The crimson imp sputters.
The crimson imp hits you with a +0 dagger of chaos.
The magic dart hits the crimson imp.
The crimson imp is moderately wounded.
The crimson imp hits you with a +0 dagger of chaos.
Space warps horribly around you!!
Ouch! That really hurt!
* * * LOW HITPOINT WARNING * * *
You are too injured to fight recklessly!
Press: ? - help, v - describe, . - travel
Here: a crimson imp, wielding a +0 dagger of chaos (lightly wounded)
The floor.
It was a potion of haste.
You feel yourself speed up.
The crimson imp hits you with a +0 dagger of chaos.
You die...

.....# #....#....#..####...#####
....#####..............##........
...............##................
.......)......##...#.#.......#.#.
..............######.............
..............#_._#.....#..#...#.
..##..†.......#...#.##..#....#...
...†..........#...#.###.#..#..._.
.##...........##@##.#...#....#...
...##............5...)..#..#...#
....#.###.......##.............
....### #........#...........#.#
...♣♣####.......###......#......
....♣#..........###...#....#....
..._♣#............#...##.....##
.... #................#.........
...♣ #........†..#........######


You could see a crimson imp.

Vanquished Creatures
  An iguana (D:3)
  2 orc wizards (D:3)
  A hound skeleton (D:2)
  An adder (D:4)
  2 adder zombies (D:2)
  A worm (D:3)
  3 dart slugs
  4 orcs (D:3)
  9 ball pythons
  5 bats
  4 bat skeletons (D:2)
  A bat zombie (D:2)
  4 endoplasms
  4 goblins
  4 hobgoblins
  7 jackals
  3 quokkas
  2 ball python skeletons (D:2)
  4 frilled lizards
  7 kobolds
  4 quokka zombies (D:2)
  7 rats
80 creatures vanquished.

Vanquished Creatures (collateral kills)
  3 adders (D:4)
  3 orcs (D:3)
  A giant cockroach (D:2)
  2 jackals (D:2)
  A kobold (D:1)
10 creatures vanquished.

Grand Total: 90 creatures vanquished

Notes
Turn   | Place    | Note
-------+----------+-------------------------------------------
     0 | D:1      | LobsterGuardian the Draconian Hedge Wizard began the quest
                  | for the Orb.
     0 | D:1      | Reached XP level 1. HP: 14/14 MP: 4/4
   250 | D:1      | Found a faded altar of an unknown god.
   251 | D:1      | Noticed a golden eye
   299 | D:1      | Noticed a floating eye
   305 | D:1      | Noticed a great orb of eyes
   318 | D:1      | Noticed an eye of devastation
   347 | D:1      | Reached XP level 2. HP: 20/20 MP: 1/6
   350 | D:1      | Learned a level 2 spell: Blink
   353 | D:1      | Learned a level 2 spell: Call Imp
   356 | D:1      | Learned a level 2 spell: Cigotuvi's Dreadful Rot
  1565 | D:2      | Reached XP level 3. HP: 18/26 MP: 2/8
  1796 | D:2      | Reached skill level 4 in Spellcasting
  2155 | D:2      | Learned a level 3 spell: Mephitic Cloud
  2436 | D:2      | Reached XP level 4. HP: 31/31 MP: 8/10
  2693 | D:2      | Identified the +8 dagger "Giant's Foe" {heavy, rCorr}
  3017 | D:3      | Reached skill level 1 in Short Blades
  3019 | D:3      | Reached XP level 5. HP: 16/39 MP: 2/11
  3249 | D:3      | Noticed an ice beast
  3571 | D:3      | Noticed Sigmund
  3660 | D:4      | Found a sparkling altar of Nemelex Xobeh.
  3667 | D:4      | Found Pimewk's Armour Shop.
  3826 | D:4      | Found a glowing silver altar of Zin.
  3850 | D:4      | Reached skill level 5 in Spellcasting
  4000 | D:4      | Found a radiant altar of Vehumet.
  4157 | D:4      | Found a shimmering altar of Xom.
  4157 | D:4      | Found a burning altar of Makhleb.
  4164 | D:4      | Slain by a crimson imp

Illustrated notes

Levels and vault maps discovered:
D:1:      lightli_arrival_flooded_house, layout_basic,
          hellmonk_ecumenical_altar_watching_god
D:2:      layout_loops_corners, serial_undead, serial_undead_e, serial_undead_a,
          serial_undead_f, serial_undead_f, serial_undead_d, serial_undead_d,
          serial_undead_b, serial_undead_d, serial_undead_a, serial_undead_f,
          nicolae_concentric_dashed_squares_wild
D:3:      minmay_angry_zag, layout_basic, nicolae_uskayaw_suspiria,
          minmay_misc_feat_columns, dk_vineyard_1, minmay_rat_hole, uniq_sigmund
D:4:      layout_cave_pools, nicolae_vehumet_radiance,
          overflow_temple_1_default, zin_academy,
          grunt_temple_overflow_champion_of_chaos, serial_shops,
          nicolae_shop_window_shopping, grunt_decor_one_mirror

Skill      XL: |  1  2  3  4  5 |
---------------+----------------+-----
Stealth        | 2 |  2.1
Dodging        | 2 |  2.4
Spellcasting   | 4 5 |  5.1
Short Blades   | 1 |  1.8
Fighting       | |  0.4
Conjurations   | |  1.5
Summonings     | |  1.1
Translocations | |  1.0

Action                     |  1- 3 |  4- 6 || total
---------------------------+-------+-------++-------
  Melee: Dagger            |   135 |    57 ||   192
         Tailslap          |    13 |     4 ||    17
   Cast: Magic Dart        |    58 |    86 ||   144
         Call Imp          |     2 |     7 ||     9
         Cigotuvi's Dreadf |     1 |     3 ||     4
    Use: Scroll            |     6 |     3 ||     9
         Potion            |       |     2 ||     2
   Stab: Sleeping          |       |     4 ||     4
 Armour: Skin              |    77 |    39 ||   116
  Dodge: Dodged            |   141 |    57 ||   198

Table legend: (Time is in decaauts)
 A = Elapsed time spent in this place.
 B = Non-inter-level travel time spent in this place.
 C = Inter-level travel time spent in this place.
 D = Time resting spent in this place.
 E = Time spent auto-exploring this place.
 F = Levels seen in this place.
 G = Mean time per level.
                   A        B        C        D        E       F      G
               +--------+--------+--------+--------+--------+-----+--------+
         Total |   4190 |   4113 |     77 |      0 |   3345 |   4 | 1047.5 |
       Dungeon |   4190 |   4113 |     77 |      0 |   3345 |   4 | 1047.5 |
               +--------+--------+--------+--------+--------+-----+--------+

Top non-repeatable levels by time:
     D:2: 1532 daAuts
     D:1: 1434 daAuts
     D:3: 715 daAuts
     D:4: 509 daAuts
